 Dungeon Crawl Stone Soup version 0.19-a0-683-g5f2401d (webtiles) character file.

18445 HAL9000 the Cleaver (level 12, 0/100 HPs)
             Began as a Centaur Berserker on June 17, 2016.
             Was a High Priest of Trog.
             Slain by a hill giant
             ... wielding a +0 giant club
              (23 damage)
             ... on level 12 of the Dungeon.
             The game lasted 00:32:31 (13773 turns).

HAL9000 the Cleaver (Centaur Berserker)            Turns: 13773, Time: 00:32:32

Health: 0/100      AC: 23    Str: 24    XL:     12   Next: 27%
Magic:  14/14      EV:  8    Int:  6    God:    Trog [*****.]
Gold:   443        SH:  0    Dex: 14    Spells: 0 memorised, 11 levels left

rFire  + . .     SeeInvis .     P - +0 battleaxe
rCold  . . .     Gourm    .     y - +9 plate armour of the Dungeon {rF+ rN+ rCorr Dex+4}
rNeg   + + .     Faith    .     (shield currently unavailable)
rPois  .         Spirit   .     (no helmet)
rElec  .         Dismiss  .     q - +1 cloak
rCorr  +         Reflect  .     (no gloves)
SustAt +         Harm     .     (no barding)
MR     .....                    O - amulet of magic regeneration
Stlth  ..........               X - ring of positive energy
                                L - ring of sustain attributes

@: very quick, not resistant to hostile enchantments, extremely unstealthy
A: hooves 3, deformed body, speed 2, tough skin 3
a: Berserk, Trog's Hand, Brothers in Arms, Burn Spellbooks, Renounce Religion


You were on level 12 of the Dungeon.
You worshipped Trog.
Trog was extremely pleased with you.
You were not hungry.

You visited 1 branch of the dungeon, and saw 12 of its levels.

You collected 518 gold pieces.
You spent 75 gold pieces at shops.

Inventory:

Hand Weapons
 P - a +0 battleaxe (weapon)
 W - a +0 shortbow
Missiles
 C - 116 arrows
Armour
 q - a +1 cloak (worn)
 t - a +0 buckler
 y - the +9 plate armour of the Dungeon (worn) {rF+ rN+ rCorr Dex+4}
   (You found it on level 4 of the Dungeon)

   It affects your dexterity (+4).
   It protects you from fire.
   It protects you from negative energy.
   It protects you from acid and corrosion.
Jewellery
 r - an uncursed ring of flight
 L - a ring of sustain attributes (left hand)
 O - an amulet of magic regeneration (around neck)
 X - a ring of positive energy (right hand)
Wands
 z - a wand of polymorph (17/24)
 F - a wand of lightning (10/15)
 J - a wand of flame (28/48)
 Q - a wand of polymorph (13/24)
 R - a wand of slowing (31/48)
 T - a wand of flame (19/48)
 Y - a wand of digging (21/24)
Scrolls
 i - 8 scrolls of identify
 n - 4 scrolls of teleportation
 p - 4 scrolls of fog
 u - 2 scrolls of fear
 N - a scroll of recharging
 U - a scroll of magic mapping
 Z - a scroll of remove curse
Potions
 e - 3 potions of curing
 o - 2 potions of lignification
 v - 6 potions of heal wounds
 B - 2 potions of resistance
 E - 3 potions of might
 H - a potion of magic
 I - a potion of flight
 M - a potion of agility
 V - a potion of ambrosia
Comestibles
 c - 8 bread rations
 d - 6 meat rations
 G - a slice of pizza
 K - a beef jerky
 S - 10 fruits


   Skills:
 - Level 7.6 Fighting
 + Level 11.6 Axes
 + Level 2.2 Bows
 + Level 9.9 Armour
 - Level 6.0 Dodging
 + Level 2.7 Evocations


You had 11 spell levels left.
You didn't know any spells.

Dungeon Overview and Level Annotations

Branches:
Dungeon (12/15)            Temple (0/1) D:5            Lair (0/6) D:11
    Orc (0/2) D:11

Altars:
Cheibriados
Dithmenos
Elyvilon
Hepliaklqana
Makhleb
Nemelex Xobeh
Okawaru
Sif Muna
Vehumet
The Shining One

Shops:
D:4 !   D:6 *   D:7 (   D:8 *


Innate Abilities, Weirdness & Mutations

You have hooves in place of feet.
Armour fits poorly on your strangely shaped body.
You cover ground very quickly.
You have extremely tough skin. (AC +3)


Message History

The hill giant is heavily wounded.
The hill giant hits you with a giant club.
You hit the hill giant.
The hill giant is severely wounded.
The hill giant hits you with a giant club!
You hit the hill giant. You kick the hill giant.
The hill giant is severely wounded.
The hill giant barely misses you.
You hit the hill giant.
The hill giant is severely wounded.
The hill giant hits you with a giant club!
* * * LOW HITPOINT WARNING * * *
You hit the hill giant but do no damage.
You kick the hill giant.
The hill giant is severely wounded.
You slash the hill giant!
You kick the hill giant, but do no damage.
The hill giant is almost dead.
The hill giant hits you with a giant club!!
You die...

#?.# .. #..# #.
#..# #. #..# #.
#..# ### ##.##
#..#
##.######...###..#
.........#....).#
#.# #..@###.##
#######.#######C##
#.#
..$......C......#
#.#
.################
#.# #.# ..# ###


You could see a hill giant.

Vanquished Creatures
  A hydra (D:11)
  Erolcha (D:10)
  A centaur warrior (D:11)
  Erica (D:10)
  The ghost of tstbtto the Cleaver, a novice CeBe of Trog (D:8)
  A hill giant (D:10)
  An ugly thing (D:12)
  Joseph (D:8)
  Psyche (D:8)
  A kobold demonologist (D:12)
  The ghost of HAL9000 the Chopper, an amateur HOBe of Trog (D:4)
  A two-headed ogre (D:11)
  2 trolls
  6 slime creatures (D:12)
  A shadow (D:11)
  A wyvern (D:10)
  A wraith (D:11)
  6 yaks (D:12)
  Grum (D:8)
  2 vampire mosquitoes (D:11)
  Menkaure (D:7)
  A hippogriff (D:9)
  2 steam dragons (D:5)
  A hungry ghost (D:12)
  A mottled dragon (D:12)
  A soldier ant (D:10)
  Duvessa (D:7)
  4 orc warriors
  8 ogres
  2 sky beasts
  A black bear (D:10)
  A necrophage (D:10)
  3 ice beasts
  3 centaurs
  2 wolves
  A crocodile (D:12)
  9 big kobolds
  A gnoll sergeant (D:7)
  9 giant frogs
  3 scorpions
  Dowan (D:7)
  5 killer bees (D:8)
  A water moccasin skeleton (D:11)
  3 howler monkeys
  4 wights (D:11)
  3 crimson imps
  3 jellies
  A giant frog zombie (D:5)
  5 hounds
  3 orc wizards
  A gnoll shaman (D:6)
  4 orc priests
  A giant frog skeleton (D:10)
  2 centaur skeletons
  2 iguanas
  7 worker ants
  3 hell rats (D:11)
  2 killer bee zombies
  A hound zombie (D:10)
  A worker ant zombie (D:10)
  12 gnolls
  3 river rats (D:11)
  6 adders
  A howler monkey skeleton (D:6)
  A shadow imp (D:12)
  An ooze (D:1)
  An adder skeleton (D:5)
  8 worms
  2 dart slugs (D:1)
  4 giant geckos
  26 orcs
  3 giant cockroaches
  3 hobgoblins
  6 jackals
  7 quokkas
  5 bats
  A giant gecko skeleton (D:5)
  8 giant newts
  9 goblins
  A jackal skeleton (D:7)
  21 kobolds
  7 rats
  A fungus (D:5)
277 creatures vanquished.

Notes
Turn   | Place    | Note
--------------------------------------------------------------
     0 | D:1      | HAL9000 the Centaur Berserker began the quest for the Orb.
     0 | D:1      | Reached XP level 1. HP: 19/19 MP: 1/1
   283 | D:1      | Reached skill level 3 in Axes
   527 | D:1      | Reached XP level 2. HP: 24/26 MP: 2/2
   996 | D:1      | Reached XP level 3. HP: 27/31 MP: 3/3
  1101 | D:1      | Found a glowing golden altar of the Shining One.
  1333 | D:2      | Found an iron altar of Okawaru.
  1333 | D:2      | Found a deep blue altar of Sif Muna.
  1333 | D:2      | Found a sparkling altar of Nemelex Xobeh.
  1333 | D:2      | Found a burning altar of Makhleb.
  1333 | D:2      | Found a hazy altar of Hepliaklqana.
  1333 | D:2      | Found a glowing golden altar of the Shining One.
  1333 | D:2      | Found a white marble altar of Elyvilon.
  1333 | D:2      | Found a radiant altar of Vehumet.
  1336 | D:2      | Reached ** piety under Trog
  1739 | D:2      | Reached skill level 4 in Axes
  1940 | D:2      | Reached XP level 4. HP: 33/38 MP: 4/4
  3871 | D:4      | Reached *** piety under Trog
  4085 | D:4      | Got a dazzling plate armour
  4096 | D:4      | Identified the +9 plate armour of the Dungeon {rF+ rN+ rCorr Dex+4} (You found it on level 4 of the Dungeon)
  4105 | D:4      | Found Fusautost's Distillery.
  4116 | D:4      | Noticed an ogre
  4148 | D:4      | Killed an ogre
  4148 | D:4      | Reached skill level 5 in Axes
  4148 | D:4      | Reached XP level 5. HP: 46/46 MP: 5/5
  4204 | D:4      | Reached XP level 6. HP: 47/53 MP: 6/6
  4726 | D:4      | Noticed HAL9000's ghost (amateur HOBe)
  4814 | D:4      | Killed HAL9000's ghost
  4814 | D:4      | Reached skill level 6 in Axes
  4814 | D:4      | Reached XP level 7. HP: 60/60 MP: 7/7
  5143 | D:5      | Entered Level 5 of the Dungeon
  5155 | D:5      | Reached skill level 5 in Fighting
  5422 | D:5      | Found a snail-covered altar of Cheibriados.
  5506 | D:5      | Found a staircase to the Ecumenical Temple.
  5577 | D:5      | Reached skill level 7 in Axes
  5639 | D:5      | Noticed a steam dragon
  5639 | D:5      | Noticed a steam dragon
  5653 | D:5      | Killed a steam dragon
  5654 | D:5      | Killed a steam dragon
  5654 | D:5      | Reached XP level 8. HP: 70/70 MP: 8/8
  5764 | D:5      | Reached skill level 8 in Axes
  6160 | D:6      | Found Ehuwas's General Store.
  7038 | D:7      | Noticed Dowan
  7050 | D:7      | Killed Dowan
  7051 | D:7      | Noticed Duvessa
  7061 | D:7      | Killed Duvessa
  7061 | D:7      | Reached skill level 9 in Axes
  7084 | D:7      | Reached XP level 9. HP: 68/79 MP: 9/9
  7095 | D:7      | Found a shadowy altar of Dithmenos.
  7343 | D:7      | Noticed Menkaure
  7352 | D:7      | Killed Menkaure
  7505 | D:7      | Found Xepiuz's Weapon Boutique.
  7686 | D:8      | Noticed Joseph
  7690 | D:8      | Killed Joseph
  7699 | D:8      | You fall through a shaft!
  7840 | D:9      | Reached **** piety under Trog
  8070 | D:9      | Received a gift from Trog
  8379 | D:9      | Reached XP level 10. HP: 80/86 MP: 10/10
  8529 | D:10     | Entered Level 10 of the Dungeon
  8624 | D:10     | Noticed a hill giant
  8666 | D:10     | Killed a hill giant
  8666 | D:10     | Reached skill level 10 in Axes
  8699 | D:10     | Noticed Erolcha
  8706 | D:10     | Killed Erolcha
  8706 | D:10     | Reached XP level 11. HP: 64/92 MP: 11/11
  9490 | D:10     | Noticed Erica
  9515 | D:10     | Killed Erica
  9515 | D:10     | Reached skill level 5 in Dodging
  9671 | D:11     | Found a staircase to the Lair.
 10344 | D:11     | Found a staircase to the Orcish Mines.
 10442 | D:11     | Noticed a seven-headed hydra
 10444 | D:11     | Noticed a centaur warrior
 10606 | D:11     | Killed a centaur warrior
 10969 | D:11     | Killed an 11-headed hydra
 10969 | D:11     | Reached skill level 11 in Axes
 11299 | D:8      | Reached ***** piety under Trog
 11486 | D:8      | Noticed tstbtto's ghost (novice CeBe)
 11490 | D:8      | Noticed Grum
 11589 | D:8      | Killed tstbtto's ghost
 11596 | D:8      | Killed Grum
 11680 | D:8      | Found Offaorphixie's Assorted Antiques.
 11691 | D:8      | Bought a scroll labeled CATIULU FAHUJ for 25 gold pieces
 11691 | D:8      | Bought a scroll labeled DOZXOSSUREA for 25 gold pieces
 11691 | D:8      | Bought a scroll labeled CATIULU FAHUJ for 25 gold pieces
 11809 | D:8      | Noticed Psyche
 11816 | D:8      | Paralysed by Psyche for 6 turns
 11833 | D:8      | Paralysed by something for 3 turns
 11848 | D:8      | Killed Psyche
 11848 | D:8      | Reached XP level 12. HP: 32/100 MP: 12/12
 12604 | D:12     | Reached skill level 1 in Evocations
 13261 | D:12     | Reached skill level 1 in Bows
 13773 | D:12     | Slain by a hill giant

Vault maps used:
D:1:      dpeg_arrival_brainrot, tso_altar
D:2:      grunt_temple_overflow_open
D:4:      serial_shops, shop
D:5:      kennysheep_steamy, slow_altar_1, minmay_temple_entry_statues_pillars,
          first_bread, minivault_24
D:6:      serial_shops, shop, minmay_misc_feat_encased,
          kennysheep_generic_room_8
D:7:      kennysheep_little_box, serial_shops, kennysheep_mini, uniq_duvessa,
          uniq_menkaure
D:8:      serial_shops, nicolae_shop_trees, special_room, uniq_joseph,
          uniq_psyche, uniq_grum
D:9:      blue_anna_alchemist
D:10:     uniq_erolcha, uniq_erica
D:11:     dpeg_lair_monsters, orc_0_dummy

Skill      XL: |  1  2  3  4  5  6  7  8  9 10 11 12 |
---------------+-------------------------------------+-----
Axes           | 3 4 5 6 7 9 10 11 | 11.6
Fighting       | 4 5 7 |  7.6
Dodging        | 2 3 4 6 |  6.0
Armour         | 8 9 |  9.9
Evocations     | 2 |  2.7
Bows           | 2 |  2.2

Action                   |  1- 3 |  4- 6 |  7- 9 | 10-12 || total
-------------------------+-------+-------+-------+-------++-------
Melee: Hand axe          |   155 |   158 |       |       ||   313
       Kick              |    27 |    32 |    90 |   220 ||   369
       War axe           |       |       |   172 |       ||   172
       Battleaxe         |       |       |    73 |   569 ||   642
 Fire: Shortbow          |       |       |       |    16 ||    16
Invok: Berserk           |       |     1 |     2 |     5 ||     8
       Trog's Hand       |       |       |     3 |     6 ||     9
       Burn Spellbooks   |       |       |     1 |       ||     1
Evoke: Wand              |       |     8 |       |     7 ||    15
  Use: Scroll            |       |     2 |    21 |     3 ||    26
       Potion            |       |       |     1 |     2 ||     3
  Eat: Chunk             |     3 |     4 |     8 |    17 ||    32
       Pizza             |       |     1 |       |       ||     1
       Beef jerky        |       |     1 |       |       ||     1
       Meat ration       |       |       |     1 |       ||     1
       Fruit             |       |       |       |    14 ||    14
Armor: Animal skin       |    42 |    38 |       |       ||    80
       Plate armour      |       |    25 |   189 |   487 ||   701
Dodge: Dodged            |    62 |    63 |    55 |   211 ||   391
Block: Buckler           |       |     7 |    21 |       ||    28
